 Dungeon Crawl Stone Soup version 0.21.1-1-g345015f (webtiles) character file.

326 Fang the Chopper (level 6, -2/39 HPs)
             Began as a Gargoyle Berserker on May 30, 2018.
             Was a Believer of Trog.
             Slain by an orc
             ... wielding a +0 mace
              (8 damage)
             ... on level 3 of the Dungeon.
             The game lasted 00:02:02 (2572 turns).

Fang the Chopper (Gargoyle Berserker)               Turns: 2572, Time: 00:02:02

Health: -2/39      AC:  6    Str: 23    XL:     6   Next: 49%
Magic:  6/6        EV: 13    Int:  7    God:    Trog [**....]
Gold:   156        SH:  0    Dex:  9    Spells: 5/5 levels left

rFire    . . .     SeeInvis .   a - +0 hand axe
rCold    . . .     Gourm    .   (no shield)
rNeg     + . .     Faith    .   b - +0 animal skin
rPois    ∞         Spirit   .   (no helmet)
rElec    +         Reflect  .   (no cloak)
rCorr    .         Harm     .   (no gloves)
MR       .....                  (no boots)
Stlth    +.........             (no amulet)
HPRegen  0.13/turn              (no ring)
MPRegen  0.10/turn              (no ring)

@: berserk cooldown, slowed, very slow
A: negative energy resistance 1, electricity resistance, unbreathing,
petrification resistance, rot immunity, AC +4
a: Berserk, Trog's Hand, Burn Spellbooks, Renounce Religion


You were on level 3 of the Dungeon.
You worshipped Trog.
Trog was pleased with you.
You were not hungry.

You visited 1 branch of the dungeon, and saw 3 of its levels.

You collected 156 gold pieces.

Inventory:

Hand Weapons
 a - a +0 hand axe (weapon)
Armour
 b - a +0 animal skin (worn)
Jewellery
 o - a +4 amulet of reflection {unknown}
Scrolls
 g - a scroll of teleportation {unknown}
 i - a scroll of enchant weapon {unknown}
 k - a scroll of remove curse {unknown}
 n - 3 scrolls of identify {unknown}
 p - a scroll of immolation {unknown}
Potions
 d - a potion of degeneration {unknown}
 e - a potion of ambrosia {unknown}
 f - 2 potions of curing {unknown}
 h - a potion of resistance {unknown}
 j - 2 potions of mutation {unknown}
 l - a potion of heal wounds {unknown}
 m - a potion of agility {unknown}
Comestibles
 c - 4 rations


   Skills:
 + Level 4.4 Fighting
 + Level 4.9 Axes
 + Level 2.3 Armour
 + Level 3.1 Dodging
 + Level 1.0 Stealth


You had 5 spell levels left.
You didn't know any spells.

Dungeon Overview and Level Annotations

Branches:
Dungeon (3/15)

Altars:


Innate Abilities, Weirdness & Mutations

You are resistant to torment.
Your stone body is resilient. (AC +4)
You are immune to poison.
You resist negative energy. (rN+)
You are resistant to electric shocks. (rElec)
You can survive without breathing.
You are immune to petrification.
You are immune to rotting.


Message History

CalvinHigdon's ghost is almost destroyed.
You hit CalvinHigdon's ghost.
You destroy CalvinHigdon's ghost!
Trog accepts your kill.
Your Axes skill increases to level 4!
Your Dodging skill increases to level 3!
Your Stealth skill increases to level 1!
You have reached level 5!
You have reached level 6!
Your experience leads to an increase in your attributes!
Your base attributes are Str 22, Int 7, Dex 9.
Increase (S)trength, (I)ntelligence, or (D)exterity?
You feel stronger. The orc hits you but does no damage.
A hobgoblin comes into view. It is wielding a club.
You barely miss the orc.
You are no longer berserk.
You are exhausted.
You feel yourself slow down. The orc hits you with a mace!
You die...

.# ## .# .. .# #.
#.#$##
####+#.###...g
.......#.....
#.....#...o#
#.....# #@#
#.....####%#
#........#
###+#...<##........
#.........+........
#........##........
#<.......##########
#......†.#
#........#


You could see an orc and a hobgoblin.

Vanquished Creatures
  The ghost of CalvinHigdon the Shield-Bearer, an amateur MiFi (D:3)
  Natasha (D:2)
  3 adders
  3 dart slugs
  A leopard gecko (D:1)
  2 ball pythons
  5 bats
  4 giant cockroaches (D:2)
  7 goblins
  5 hobgoblins
  8 jackals (D:2)
  3 kobolds
  3 frilled lizards
  5 rats
51 creatures vanquished.

Notes
Turn   | Place    | Note
-------+----------+-------------------------------------------
     0 | D:1      | Fang the Gargoyle Berserker began the quest for the Orb.
     0 | D:1      | Reached XP level 1. HP: 14/14 MP: 1/1
   192 | D:1      | Reached XP level 2. HP: 10/19 MP: 2/2
   961 | D:1      | Reached XP level 3. HP: 24/24 MP: 3/3
  1439 | D:2      | Reached ** piety under Trog
  1618 | D:2      | Reached XP level 4. HP: 29/29 MP: 4/4
  2093 | D:2      | Noticed Natasha
  2105 | D:2      | Killed Natasha
  2557 | D:3      | Noticed CalvinHigdon's ghost (amateur MiFi)
  2570 | D:3      | Killed CalvinHigdon's ghost
  2570 | D:3      | Reached skill level 1 in Stealth
  2570 | D:3      | Reached XP level 5. HP: 7/34 MP: 5/5
  2570 | D:3      | Reached XP level 6. HP: 8/39 MP: 6/6
  2572 | D:3      | Slain by an orc

Skill      XL: |  1  2  3  4 |
---------------+-------------+-----
Axes           | 3 4 |  4.9
Dodging        | 2 3 |  3.1
Fighting       | 4 |  4.4
Stealth        | 1 |  1.0
Armour         | |  2.3

Action                   |  1- 3 |  4- 6 || total
-------------------------+-------+-------++-------
Melee: Hand axe          |    98 |    53 ||   151
Invok: Berserk           |     1 |     3 ||     4
  Eat: Ration            |     1 |     1 ||     2
       Chunk             |       |     2 ||     2
Armor: Animal skin       |    57 |    19 ||    76
Dodge: Dodged            |    75 |    43 ||   118
